 Dungeon Crawl Stone Soup version 0.21-a0-615-g8e08f28 (webtiles) character file.

4559 zxpr0jk the Nimble (level 10, -3/71 HPs)
             Began as a Halfling Gladiator on Dec 22, 2017.
             Was a Believer of Dithmenos.
             Slain by an unseen horror (5 damage)
             ... on level 10 of the Dungeon.
             The game lasted 00:18:34 (8386 turns).

zxpr0jk the Nimble (Halfling Gladiator)             Turns: 8386, Time: 00:18:35

Health: -3/71      AC:  7    Str: 18    XL:     10   Next: 67%
Magic:  10/10      EV: 23    Int:  6    God:    Dithmenos [**....]
Gold:   597        SH:  0    Dex: 17    Spells: 7/9 levels left

rFire    . . .     SeeInvis .   a - +2 long sword
rCold    + . .     Gourm    .   (shield restricted)
rNeg     . . .     Faith    .   b - +0 leather armour {rC+}
rPois    .         Spirit   .   m - +2 helmet
rElec    .         Reflect  .   n - +0 cloak
rCorr    .         Harm     .   (no gloves)
MR       +....                  (no boots)
Stlth    ++++......             (no amulet)
HPRegen  0.21/turn              (no ring)
MPRegen  0.12/turn              y - ring of wizardry

@: very slightly contaminated, wreathed by umbra
A: small, magic resistance 1, mutation resistance 1
a: Shadow Step, Renounce Religion


You were on level 10 of the Dungeon.
You worshipped Dithmenos.
Dithmenos was pleased with you.
You were not hungry.

You visited 1 branch of the dungeon, and saw 10 of its levels.

You collected 597 gold pieces.

Inventory:

Hand Weapons
 a - a +2 long sword (weapon)
 p - a +1 short sword of venom
Missiles
 d - 2 throwing nets (quivered)
Armour
 b - a +0 leather armour of cold resistance (worn)
 m - a +2 helmet (worn)
 n - a +0 cloak (worn)
Jewellery
 y - a ring of wizardry (right hand)
Wands
 r - a wand of polymorph (9)
 B - a wand of paralysis (9)
 C - a wand of iceblast (13)
Scrolls
 i - a scroll of amnesia {unknown}
 k - a scroll of fear {unknown}
 l - a scroll of magic mapping {unknown}
 o - 8 scrolls of teleportation
 u - 3 scrolls of remove curse
Potions
 e - a potion of lignification {unknown}
 j - a potion of brilliance
 q - a potion of flight
 w - 2 potions of curing
 z - a potion of might
 A - a potion of haste
 G - 2 potions of agility
Books
 E - a book of Geomancy

   Spells                             Type                      Level
   a - Sandblast                      Earth                        1
   b - Passwall                       Transmutation/Earth          2
   c - Stone Arrow                    Conjuration/Earth            3
   d - Petrify                        Transmutation/Earth          4
   e - Lee's Rapid Deconstruction     Earth                        5
Comestibles
 f - 14 rations


   Skills:
 + Level 7.3 Fighting
 - Level 7.0 Long Blades
 - Level 2.0 Throwing
 - Level 11.0 Dodging
 * Level 6.1 Stealth


You had 7 spell levels left.
You knew the following spells:

 Your Spells              Type           Power        Failure   Level  Hunger
a - Passwall              Tmut/Erth      #.........   32%         2    ###....


Dungeon Overview and Level Annotations

Branches:
Dungeon (10/15)            Temple (0/1) D:5            Lair (0/6) D:9
    Orc: D:9-12

Altars:
Cheibriados
Dithmenos
Elyvilon
Fedhas
Kikubaaqudgha
Makhleb
Qazlal
Ru
Trog
Xom
Zin

Shops:
D:9 ?


Innate Abilities, Weirdness & Mutations

You are small and have problems with some larger weapons.
You are somewhat resistant to further mutation.
You are resistant to hostile enchantments. (MR+)


Message History

A sky beast appears from thin air!
Reactivating autopickup.
The sentinel's mark upon you fades away.
Something hits you but does no damage.
Deactivating autopickup; reactivate with Ctrl-A.
Something hits you but does no damage. Something hits you but does no damage.
Something hits you.
* * * LOW HITPOINT WARNING * * *
The howler monkey hoots and howls with incredible vigour!
Something hits you.
* * * LOW HITPOINT WARNING * * *
Something hits you.
* * * LOW HITPOINT WARNING * * *
Something misses you. Something misses you. Something hits you!
* * * LOW HITPOINT WARNING * * *
Something hits you.
You die...

#.#y#yTT####...#
#y.............#
y.y...###o.....T..#
######
#######T..####.
#h....... #T#######
#Y# #.###
#.#@#######
#.........#
###.####.## #.# #.#
#.# #.# #.# #.# #.#
#.# #.####.#
#<.....#


There were no monsters in sight!

Vanquished Creatures
  Joseph (D:8)
  Sigmund (D:5)
  3 yaks (D:9)
  3 wargs (D:9)
  2 sky beasts
  A black bear (D:9)
  5 phantoms
  2 ice beasts
  3 ogres
  A centaur (D:9)
  A wyvern zombie (D:8)
  6 bullfrogs
  A gnoll sergeant (D:7)
  2 scorpions
  3 wights (D:4)
  2 crimson imps
  2 bullfrog zombies
  3 howler monkeys (D:8)
  2 quasits
  3 hounds
  5 jellies (D:8)
  An orc priest (D:9)
  A centaur skeleton (D:4)
  A gnoll shaman (D:7)
  5 orc wizards
  A bullfrog skeleton (D:5)
  Ijyb (D:4)
  2 iguanas
  6 worker ants
  A hound skeleton (D:6)
  2 howler monkey skeletons
  8 gnolls (D:7)
  7 adders
  7 oozes
  An adder skeleton (D:8)
  4 worms (D:2)
  3 dart slugs
  3 leopard geckos
  18 orcs
  2 giant cockroaches
  3 goblins
  6 hobgoblins
  5 kobolds
  5 quokkas
  2 ball pythons
  5 bats
  4 frilled lizards
  A jackal skeleton (D:4)
  2 rats
159 creatures vanquished.

Notes
Turn   | Place    | Note
-------+----------+-------------------------------------------
     0 | D:1      | zxpr0jk the Halfling Gladiator began the quest for the Orb.
     0 | D:1      | Reached XP level 1. HP: 14/14 MP: 1/1
   405 | D:1      | Reached XP level 2. HP: 19/19 MP: 2/2
  1188 | D:2      | Reached XP level 3. HP: 24/24 MP: 3/3
  1215 | D:2      | Found a bloodstained altar of Trog.
  1418 | D:2      | Reached skill level 4 in Dodging
  1679 | D:2      | Noticed a bullfrog
  1683 | D:2      | Killed a bullfrog
  1683 | D:2      | Reached XP level 4. HP: 25/30 MP: 4/4
  1683 | D:2      | Reached XP level 5. HP: 29/35 MP: 5/5
  2574 | D:3      | Found a burning altar of Makhleb.
  2574 | D:3      | Noticed a cacodemon
  2616 | D:3      | Found an ancient bone altar of Kikubaaqudgha.
  2662 | D:3      | Reached skill level 5 in Dodging
  2704 | D:3      | Reached XP level 6. HP: 41/41 MP: 6/6
  3202 | D:4      | Noticed Ijyb
  3219 | D:4      | Killed Ijyb
  3280 | D:4      | Reached skill level 5 in Long Blades
  3320 | D:4      | Reached XP level 7. HP: 46/46 MP: 7/7
  3559 | D:4      | Reached skill level 6 in Dodging
  3658 | D:4      | Found a blossoming altar of Fedhas.
  3793 | D:5      | Entered Level 5 of the Dungeon
  3805 | D:5      | Found a shadowy altar of Dithmenos.
  3823 | D:5      | Became a worshipper of Dithmenos the Shadowed
  3878 | D:5      | Noticed Sigmund
  3891 | D:5      | Killed Sigmund
  3891 | D:5      | Reached XP level 8. HP: 48/54 MP: 8/8
  3964 | D:5      | Reached skill level 7 in Dodging
  4183 | D:5      | Found a staircase to the Ecumenical Temple.
  4443 | D:5      | Found a glowing silver altar of Zin.
  4443 | D:5      | Noticed an angel
  4614 | D:6      | Found a shimmering altar of Xom.
  4723 | D:6      | Found a snail-covered altar of Cheibriados.
  4850 | D:6      | Reached skill level 8 in Dodging
  4941 | D:6      | Reached XP level 9. HP: 53/59 MP: 9/9
  4944 | D:6      | Reached * piety under Dithmenos
  5267 | D:7      | Reached skill level 5 in Fighting
  5385 | D:7      | Reached skill level 9 in Dodging
  6028 | D:7      | Found a stormy altar of Qazlal.
  6056 | D:8      | Noticed Joseph
  6080 | D:8      | Killed Joseph
  6080 | D:8      | Reached skill level 10 in Dodging
  6598 | D:8      | Found a sacrificial altar of Ru.
  6658 | D:8      | Learned a level 2 spell: Passwall
  6739 | D:8      | Reached XP level 10. HP: 66/68 MP: 10/10
  6882 | D:8      | Noticed a freezing wraith
  6917 | D:8      | Noticed a green ugly thing
  6918 | D:8      | Noticed a red ugly thing
  6933 | D:8      | Found a white marble altar of Elyvilon.
  7034 | D:8      | Reached ** piety under Dithmenos
  7040 | D:8      | Reached skill level 11 in Dodging
  7189 | D:8      | Found a bloodstained altar of Trog.
  7224 | D:8      | Gained mutation: You are resistant to hostile enchantments. (MR+) [potion of mutation]
  7363 | D:9      | Reached skill level 1 in Stealth
  7809 | D:9      | Found Qer Own's Magic Scroll Boutique.
  7893 | D:9      | Found a staircase to the Lair.
  7910 | D:9      | Reached skill level 5 in Stealth
  8290 | D:10     | Entered Level 10 of the Dungeon
  8386 | D:10     | HP: 2/71 [something (8)]
  8386 | D:10     | Slain by an unseen horror

Vault maps used:
D:1:      roderic_chinese_lattice_arrival
D:2:      first_ration, bloody_trog
D:3:      kiku_gazebo_garden_becter, makhleb_altar_promises_db
D:4:      overflow_temple_1_default, uniq_ijyb
D:5:      grunt_dithmenos_shadows, zin_angel, minmay_temple_entry_mist,
          kennysheep_decorative_pillar, grunt_decor_mini_mirrors, uniq_sigmund
D:6:      kennysheep_slug_shrine, xom_teletrap_fun
D:7:      kennysheep_mini_moat
D:8:      overflow_temple_1_default, elyvilon_altar_5, basic_altar,
          hangedman_little_slice_of_home, onia_ninara_dug_in_and_dangerous,
          uniq_joseph
D:9:      erik_lair_orcish_takeover, serial_shops, kennysheep_mini
D:10:     kennysheep_orc_sif_temple, orc_david_3

Skill      XL: |  1  2  3  4  5  6  7  8  9 10 |
---------------+-------------------------------+-----
Fighting       | 2 3 4 6 7 |  7.3
Dodging        | 4 5 6 8 10 11 | 11.0
Long Blades    | 4 5 6 7 |  7.0
Stealth        | 6 |  6.1
Throwing       | |  2.0

Action                   |  1- 3 |  4- 6 |  7- 9 | 10-12 || total
-------------------------+-------+-------+-------+-------++-------
Melee: Long sword        |    66 |    16 |   238 |   182 ||   502
       Short sword       |       |   102 |   214 |       ||   316
Throw: Throwing net      |     2 |       |     3 |       ||     5
  Use: Potion            |       |     3 |     4 |     4 ||    11
       Scroll            |       |       |       |    22 ||    22
 Stab: Held in net/web   |     1 |       |       |       ||     1
       Sleeping          |       |     4 |       |     3 ||     7
  Eat: Ration            |     1 |       |     1 |       ||     2
       Chunk             |       |     4 |    10 |     4 ||    18
Armor: Leather armour    |    12 |    19 |    81 |    28 ||   140
Dodge: Dodged            |    50 |    82 |   478 |   207 ||   817
       Rpst.: Long sword |    17 |     5 |    68 |    57 ||   147

Table legend:
 A = Spawn XP
 B = Non-spawn XP
 C = Spawn XP percentage of total XP
 D = Spawn monster count
 E = Non-spawn monster count
 F = Spawn count percentage of total count
 G = Total turns spent on level
                    A         B        C        D         E        F      G
               +---------+---------+-------+---------+---------+-------+---------
         Total |       0 |    6513 |   0.0 |       0 |     159 |   0.0 |  8386
               +---------+---------+-------+---------+---------+-------+---------
           D:1 |       0 |      14 |   0.0 |       0 |       8 |   0.0 |   874
           D:2 |       0 |     206 |   0.0 |       0 |      25 |   0.0 |  1374
           D:3 |       0 |      51 |   0.0 |       0 |      13 |   0.0 |   686
           D:4 |       0 |     450 |   0.0 |       0 |      12 |   0.0 |   859
           D:5 |       0 |     893 |   0.0 |       0 |      15 |   0.0 |   788
           D:6 |       0 |     426 |   0.0 |       0 |      12 |   0.0 |   497
           D:7 |       0 |    1033 |   0.0 |       0 |      27 |   0.0 |   977
           D:8 |       0 |    1344 |   0.0 |       0 |      22 |   0.0 |  1263
           D:9 |       0 |    1836 |   0.0 |       0 |      23 |   0.0 |   972
          D:10 |       0 |     260 |   0.0 |       0 |       2 |   0.0 |    96
               +---------+---------+-------+---------+---------+-------+---------
